 Dungeon Crawl Stone Soup version 0.24.0-123-gd5b16e6ec5 (webtiles) character file.

Game seed: 1482212251667876972, levelgen mode: deterministic

254 Gabryszard the Ruffian (level 5, -3/52 HPs)
             Began as a Troll Monk on Dec 28, 2019.
             Slain by an ogre
             ... wielding a +0 giant spiked club
              (22 damage)
             ... on level 4 of the Dungeon on Jan 6, 2020.
             The game lasted 00:49:08 (2315 turns).

Gabryszard the Ruffian (Troll Monk)                 Turns: 2315, Time: 00:49:09

Health: -3/52      AC:  6    Str: 26    XL:     5   Next: 90%
Magic:  4/4        EV: 11    Int:  6    God:
Gold:   122        SH:  0    Dex: 12    Spells: 4/4 levels left

rFire    x . .     SeeInvis .     - Unarmed
rCold    + . .     Gourm    +   (no shield)
rNeg     . . .     Faith    .   a - +0 robe
rPois    .         Spirit   .   (helmet restricted)
rElec    .         Reflect  .   (no cloak)
rCorr    .         Harm     .   (gloves unavailable)
MR       .....                  (boots unavailable)
Stlth    ++........             (no amulet)
HPRegen  0.57/turn              g - ring of ice
MPRegen  0.09/turn              m - +6 ring of strength

@: no status effects
A: large, unfitting armour, claws 3, fast metabolism 3, gourmand, regeneration
1, shaggy fur 1, tough skin 3
a: no special abilities


You were on level 4 of the Dungeon.
You were not hungry.

You visited 1 branch of the dungeon, and saw 4 of its levels.

You collected 122 gold pieces.

Inventory:

Hand Weapons
 f - a +2 vampiric short sword
Armour
 a - a +0 robe (worn)
Jewellery
 d - an uncursed ring of protection from fire
 g - a ring of ice (left claw)
 m - a +6 ring of strength (right claw)
Wands
 n - a wand of enslavement (6)
Scrolls
 h - a scroll of enchant weapon
 i - a scroll of identify {unknown}
 k - a scroll of noise {unknown}
 o - a scroll of teleportation
Potions
 c - a potion of curing
 e - a potion of heal wounds {unknown}
 l - a potion of haste {unknown}
Comestibles
 b - 2 rations
 j - 4 chunks of flesh


   Skills:
 + Level 2.9 Fighting
 + Level 3.5 Dodging
 + Level 1.5 Stealth
 + Level 5.1 Unarmed Combat


You had 4 spell levels left.
You didn't know any spells.
Your spell library was empty.

Dungeon Overview and Level Annotations

Branches:
Dungeon (4/15)
 Temple: D:4-7

Altars:
Qazlal
Uskayaw


Innate Abilities, Weirdness & Mutations

You are too large for most types of armour.
You have claws for hands.
Your metabolism is lightning-fast.
You like to eat raw meat.
Your natural rate of healing is unusually fast.
You are covered in fur. (AC +1)
You have extremely tough skin. (AC +3)


Message History

There is an open door here.
You hear the slow rusting of a very distant drain.
You are feeling hungry.
You eat one of the 5 chunks of flesh.
This raw flesh tastes great.
You hear the slow rusting of a very distant drain.
An ogre comes into view. It is wielding a +0 giant spiked club.
The ogre shouts!
A scorpion comes into view.
You scratch the ogre.
The ogre is lightly wounded.
The ogre hits you with a +0 giant spiked club!
You scratch the ogre.
The ogre is moderately wounded.
You claw the ogre!
The ogre is almost dead.
The ogre hits you with a +0 giant spiked club!!
You scratch the ogre.
The ogre is almost dead.
The ogre hits you with a +0 giant spiked club!!
You die...

#....# #..### #..# #..#
##### #..# #...#
#..####...######## #
#.................
#.###.#.################
.......@O.s....
#.###+######### #####
..... ..... .####


You could see an ogre and a scorpion.

Vanquished Creatures
  Blork the orc (D:4)
  A worker ant (D:2)
  7 adders
  3 oozes (D:1)
  3 worms
  2 dart slugs
  A leopard gecko (D:1)
  9 bats
  4 giant cockroaches
  4 hobgoblins
  7 jackals
  2 quokkas (D:2)
  5 frilled lizards
  5 goblins
  14 kobolds
  8 rats
76 creatures vanquished.

Notes
Turn   | Place    | Note
-------+----------+-------------------------------------------
     0 | D:1      | Gabryszard the Troll Monk began the quest for the Orb.
     0 | D:1      | Reached XP level 1. HP: 22/22 MP: 0/0
    43 | D:1      | Reached XP level 2. HP: 29/29 MP: 1/1
   496 | D:1      | Reached XP level 3. HP: 32/36 MP: 2/2
   773 | D:2      | Found a stormy altar of Qazlal.
   819 | D:2      | Reached XP level 4. HP: 35/44 MP: 3/3
   837 | D:2      | Found a hide-covered altar of Uskayaw.
   967 | D:2      | Reached skill level 4 in Unarmed Combat
  1346 | D:2      | Reached XP level 5. HP: 48/52 MP: 4/4
  2185 | D:4      | Noticed Blork the orc
  2195 | D:4      | Killed Blork the orc
  2195 | D:4      | Reached skill level 5 in Unarmed Combat
  2310 | D:4      | Noticed an ogre
  2315 | D:4      | Slain by an ogre

Levels and vault maps discovered:
D:1:      minmay_arrival_shoal_huts, layout_basic, minmay_tromino_v4_a
D:2:      layout_loops_ring, eat_drink_and_be_merry_uskayaw,
          nicolae_qazlal_general_emergency
D:3:      layout_loops_ring
D:4:      layout_basic, chequers_temple_overflow_minitemple,
          gammafunk_ghost_necromancy, portal_sewer_entry_e, uniq_edmund,
          uniq_blork_the_orc

Skill      XL: |  1  2  3  4  5 |
---------------+----------------+-----
Dodging        | 3 |  3.5
Unarmed Combat | 4 5 |  5.1
Fighting       | |  2.9
Stealth        | |  1.5

Action                   |  1- 3 |  4- 6 || total
-------------------------+-------+-------++-------
Melee: Unarmed           |    98 |    91 ||   189
       Punch             |       |     1 ||     1
  Use: Scroll            |       |     3 ||     3
       Potion            |       |     1 ||     1
 Stab: Sleeping          |     2 |     2 ||     4
  Eat: Chunk             |     5 |     3 ||     8
       Ration            |     1 |     2 ||     3
Armor: Robe              |    72 |    36 ||   108
Dodge: Dodged            |    70 |    73 ||   143
